[Event "Titled Tuesday Blitz March 21 Late 2023"]
[White "Vaglio Munoz, Jaime"]
[Black "lisjakzlatko1"]
[WhiteFideId "6500145"]
[WhiteElo "2199"]
[BlackElo "2178"]
[Result "1-0"]
[Round "05"]
[TimeControl "180+2"]
[Date "2023.03.21"]
[WhiteClock "0:01:08"]
[BlackClock "0:00:09"]

1. Nf3 d6 2. d4 Bg4 3. g3 Nd7 4. Bg2 e5 5. O-O f5 6. h3 Bh5 7. Nh4 g6 8. Bxb7 Be7 9. Ng2 Rb8 10. Bc6 Nf6 11. dxe5 dxe5 12. Nc3 O-O 13. Bh6 Rxb2 14. Bxf8 Kxf8 15. Ba4 Rb4 16. Bb3 c6 17. Qd2 Kg7 18. e3 Qa5 19. f3 g5 20. e4 fxe4 21. Qxg5+ Bg6 22. Nxe4 Rxe4 23. fxe4 Qc5+ 24. Kh2 Nxe4 25. Rf7+ Kh8 26. Qxe7 1-0


[Site "https://www.chess.com"]

[Event "Titled Tuesday Blitz March 21 Late 2023"]
[White "Hartikainen, Jarmo"]
[Black "Tymrakiewicz, Rafal"]
[WhiteFideId "503134"]
[BlackFideId "1108832"]
[WhiteElo "2164"]
[BlackElo "2151"]
[Result "1-0"]
[Round "05"]
[TimeControl "180+2"]
[Date "2023.03.21"]
[WhiteClock "0:00:37"]
[BlackClock "0:00:12"]

1. e4 Nf6 2. e5 Nd5 3. Nf3 d6 4. Bc4 Nb6 5. Bxf7+ Kxf7 6. Ng5+ Kg8 7. e6 Qe8 8. Qf3 Bxe6 9. Nxe6 Nc6 10. Nxc7 Qd7 11. Nxa8 Nxa8 12. O-O g6 13. c3 Bg7 14. d4 h6 15. Qe4 Kh7 16. Re1 Rf8 17. Nd2 e5 18. dxe5 dxe5 19. Nf3 Nc7 20. Be3 Ne6 21. Rad1 Qf7 22. b4 a6 23. a4 Qf5 24. Bb6 Ng5 25. Qxf5 gxf5 26. Nxg5+ hxg5 27. Rd7 e4 28. b5 axb5 29. axb5 Ne5 30. Rxb7 Nd3 31. Ra1 Kg8 32. Bd4 Bxd4 33. cxd4 Rf7 34. Rxf7 Kxf7 35. b6 Nb4 36. b7 Nc6 37. Ra8 Ke6 38. Rc8 Nxd4 39. b8=Q Ne2+ 40. Kf1 Nf4 41. Rc6+ Kd5 42. Qd6# 1-0


[Site "https://www.chess.com"]

[Event "Titled Tuesday Blitz March 21 Late 2023"]
[White "Sanchez, Robert"]
[Black "Senft, Sean"]
[WhiteFideId "2034360"]
[BlackFideId "2044960"]
[WhiteElo "2153"]
[BlackElo "1989"]
[Result "0-1"]
[Round "05"]
[TimeControl "180+2"]
[Date "2023.03.21"]
[WhiteClock "0:02:41"]
[BlackClock "0:02:35"]

1. e4 e5 2. Nf3 Nc6 3. Bc4 Nf6 4. d3 Be7 5. O-O O-O 6. c3 d6 7. Re1 Be6 8. Bxe6 fxe6 9. Qb3 Qd7 10. Ng5 d5 11. exd5 exd5 12. Nf3 Bd6 13. Na3 Kh8 14. Nb5 e4 15. dxe4 dxe4 16. Nxd6 exf3 17. Nxb7 Qg4 18. g3 Qh3 19. Bf4 Qg2# 0-1


[Site "https://www.chess.com"]

[Event "Titled Tuesday Blitz March 21 Late 2023"]
[White "chessjazda"]
[Black "Winkels, Marcel"]
[BlackFideId "1003887"]
[WhiteElo "2346"]
[BlackElo "1900"]
[Result "1-0"]
[Round "05"]
[TimeControl "180+2"]
[Date "2023.03.21"]
[WhiteClock "0:00:34"]
[BlackClock "0:00:01"]

1. e4 c5 2. Nf3 d6 3. c3 Bg4 4. h3 Bxf3 5. Qxf3 Nc6 6. Be2 g6 7. d3 Bg7 8. Na3 Nf6 9. O-O O-O 10. Be3 b6 11. Qg3 Rb8 12. f4 b5 13. Rac1 b4 14. Nc4 bxc3 15. bxc3 Na5 16. Nxa5 Qxa5 17. Rc2 Nd7 18. Rfc1 Rb7 19. Bg4 e6 20. f5 exf5 21. exf5 Ne5 22. Be2 Rfb8 23. fxg6 hxg6 24. d4 Nd7 25. Qxd6 Re8 26. Bf2 Qa3 27. Bc4 Nb6 28. Bb3 Bf8 29. Qxg6+ Bg7 30. Qc6 Rbe7 31. dxc5 Nc8 32. Rf1 Be5 33. Qg6+ Kf8 34. Qh6+ Bg7 35. Qg5 Re2 36. Rxe2 Rxe2 37. Qf5 1-0


[Site "https://www.chess.com"]

[Event "Titled Tuesday Blitz March 21 Late 2023"]
[White "Vifleemskaia, Svetlana"]
[Black "Horokoskii"]
[WhiteFideId "4129490"]
[WhiteElo "1930"]
[BlackElo "2085"]
[Result "1-0"]
[Round "05"]
[TimeControl "180+2"]
[Date "2023.03.21"]
[WhiteClock "0:00:23"]
[BlackClock "0:00:11"]

1. d4 Nf6 2. c4 c5 3. d5 e6 4. Nc3 exd5 5. cxd5 d6 6. e4 g6 7. Nf3 Bg7 8. Be2 O-O 9. O-O a6 10. a4 Re8 11. Nd2 Qe7 12. Re1 Nbd7 13. f4 Rb8 14. Qc2 b5 15. axb5 axb5 16. Bxb5 Bb7 17. Bc6 Bxc6 18. dxc6 Nb6 19. Nf3 Qc7 20. e5 dxe5 21. Nxe5 Nfd5 22. Nb5 Qe7 23. c7 Nxc7 24. Nxc7 Qxc7 25. Bd2 Rbd8 26. Bc3 Nd5 27. g3 Nxc3 28. Qxc3 Rd5 29. Qf3 Rd2 30. Ra8 Rxa8 31. Qxa8+ Bf8 32. Nc4 Rd8 33. Qe4 Bg7 34. b3 Qd7 35. Kg2 Qd3 36. Qxd3 Rxd3 37. Re8+ Bf8 38. Ne5 Kg7 39. Nxd3 1-0


[Site "https://www.chess.com"]

[Event "Titled Tuesday Blitz March 21 Late 2023"]
[White "Marcolino, Daniel Mattos"]
[Black "Einarsson, Halldor Gretar"]
[WhiteFideId "2106841"]
[BlackFideId "2300150"]
[WhiteElo "2105"]
[BlackElo "2142"]
[Result "0-1"]
[Round "05"]
[TimeControl "180+2"]
[Date "2023.03.21"]
[WhiteClock "0:00:01"]
[BlackClock "0:00:05"]

1. d4 Nf6 2. Nf3 g6 3. g3 Bg7 4. Bg2 O-O 5. O-O d5 6. c4 c6 7. Qb3 dxc4 8. Qxc4 b5 9. Qb3 Be6 10. Qc2 Bf5 11. Qb3 a5 12. a4 bxa4 13. Qxa4 Qb6 14. Nbd2 Qb5 15. Ne5 Qxa4 16. Rxa4 Ra6 17. Ndc4 Ne4 18. Rxa5 Rxa5 19. Nxa5 c5 20. Nac6 Nxc6 21. Nxc6 cxd4 22. Nxe7+ Kh8 23. Nxf5 gxf5 24. Bf4 Rc8 25. Bh3 Rc2 26. Bxf5 Rxe2 27. b4 d3 28. Rd1 d2 29. Bxe4 Re1+ 30. Kg2 Rxd1 31. b5 Rg1+ 32. Kxg1 d1=Q+ 33. Kg2 Qd4 34. Bf3 Bf8 35. Be3 Qb4 36. b6 Bc5 37. b7 Bxe3 38. fxe3 Kg7 39. g4 Kf6 40. h3 Ke5 41. Kg3 f5 42. gxf5 Kxf5 43. Bg4+ Ke5 44. Bf3 Kf5 45. Bg4+ Kg5 46. Bf3 Qd6+ 47. Kf2 Qd2+ 48. Kg3 Qd6+ 49. Kf2 Kf5 50. Bg4+ Ke5 51. Bf3 Kf5 52. h4 Ke5 53. Kg3 h6 54. Kf2 Kf5 55. Kg2 Qe5 56. Kf2 Ke6 57. Ke2 Kd6 58. Kf2 Kc5 59. Ke2 Kc4 60. Kf2 Kd3 61. Be2+ Kd2 62. Bf3 Qxe3+ 63. Kg3 Qe5+ 64. Kf2 Kc3 65. Kg2 Kd4 66. h5 Ke3 67. Bc6 Qf4 0-1


[Site "https://www.chess.com"]

[Event "Titled Tuesday Blitz March 21 Late 2023"]
[White "Bok, Benjamin"]
[Black "Kramnik, Vladimir"]
[WhiteFideId "1017063"]
[BlackFideId "4101588"]
[WhiteElo "2658"]
[BlackElo "2712"]
[Result "1/2-1/2"]
[Round "06"]
[TimeControl "180+2"]
[Date "2023.03.21"]
[WhiteClock "0:00:16"]
[BlackClock "0:00:17"]

1. d4 Nf6 2. c4 e6 3. Nc3 d5 4. cxd5 exd5 5. Bg5 c6 6. e3 h6 7. Bh4 Be7 8. Bd3 O-O 9. Nge2 Re8 10. O-O Nbd7 11. a4 a5 12. f3 Nf8 13. Qc2 Ne6 14. Rad1 b6 15. h3 Bb7 16. Bf2 Rc8 17. e4 c5 18. Bb5 Bc6 19. Bxc6 Rxc6 20. exd5 Nxd5 21. dxc5 Bxc5 22. Qb3 Nxc3 23. Nxc3 Qh4 24. Qb5 Bxf2+ 25. Rxf2 Rec8 26. Rfd2 Nc5 27. Nd5 Re6 28. Nxb6 Re1+ 29. Rxe1 Qxe1+ 30. Kh2 Qxd2 31. Nxc8 Qf4+ 32. Kh1 Qc1+ 33. Kh2 Qf4+ 34. Kh1 Qc1+ 35. Kh2 Qf4+ 1/2-1/2


[Site "https://www.chess.com"]

[Event "Titled Tuesday Blitz March 21 Late 2023"]
[White "Sjugirov, Sanan"]
[Black "Movahed, Sina"]
[WhiteFideId "4189302"]
[BlackFideId "42520835"]
[WhiteElo "2569"]
[BlackElo "2225"]
[Result "1-0"]
[Round "06"]
[TimeControl "180+2"]
[Date "2023.03.21"]
[WhiteClock "0:00:05"]
[BlackClock "0:00:08"]

1. e4 c5 2. Nf3 d6 3. d4 cxd4 4. Nxd4 Nf6 5. Nc3 g6 6. Be3 a6 7. f3 b5 8. Be2 Bg7 9. O-O O-O 10. a4 b4 11. Na2 e5 12. Nb3 Nc6 13. Qd2 Be6 14. Nxb4 Nxb4 15. Qxb4 Qc7 16. Rac1 d5 17. Nc5 Qe7 18. Qa5 d4 19. Bd2 Rfc8 20. b4 Nd7 21. Nxe6 Qxe6 22. c4 Bf8 23. c5 Qa2 24. Rfd1 Nb8 25. Bc4 Qb2 26. Qb6 Nc6 27. Qb7 Nd8 28. Qd7 a5 29. Bg5 Bg7 30. b5 h6 31. Bxd8 Rxd8 32. Qxf7+ Kh7 33. c6 d3 34. c7 Qd4+ 35. Kh1 Rd7 36. Qe6 Rxc7 37. Qd5 Rd8 38. Qxd4 Rxd4 39. Bb3 Rcd7 40. b6 Rb4 41. Bd5 Rxb6 42. Rxd3 Rb4 43. Bg8+ Kxg8 44. Rxd7 Rxa4 45. h4 Ra2 46. Rc8+ Bf8 47. Rdd8 Kg7 48. Rxf8 a4 49. Kh2 a3 50. Rfd8 Ra1 51. Rd7+ Kf6 52. Rc6# 1-0


[Site "https://www.chess.com"]

[Event "Titled Tuesday Blitz March 21 Late 2023"]
[White "Carlsen, Magnus"]
[Black "Vasquez Schroeder, Rodrigo"]
[WhiteFideId "1503014"]
[BlackFideId "3400042"]
[WhiteElo "2852"]
[BlackElo "2600"]
[Result "1-0"]
[Round "06"]
[TimeControl "180+2"]
[Date "2023.03.21"]
[WhiteClock "0:00:11"]
[BlackClock "0:00:18"]

1. d4 d5 2. c4 c6 3. Nf3 Nf6 4. g3 g6 5. Bg2 dxc4 6. O-O Bg7 7. Nc3 Nd5 8. e4 Nb6 9. h3 O-O 10. Qe2 a5 11. Rd1 Na6 12. a3 e6 13. h4 h6 14. e5 Nc7 15. Ne4 Ncd5 16. Bd2 Na4 17. Rab1 b5 18. Nh2 Ba6 19. Ng4 Kh7 20. Nef6+ Nxf6 21. exf6 Bxf6 22. Bxh6 Bg7 23. Bxg7 Kxg7 24. Qe3 Rh8 25. Bxc6 Rb8 26. d5 Qd6 27. dxe6 Qxe6 28. Qxe6 fxe6 29. Rd7+ Kf8 30. Ne5 Rh6 31. Ra7 Nc5 32. Rd1 Rc8 33. Nd7+ Nxd7 34. Bxd7 Rd8 35. Rxa6 Rh7 36. Rad6 Ke7 37. Rxe6+ Kf8 38. Red6 Ke7 39. R6d5 Rh5 40. Bc6 Rdxd5 41. Rxd5 Rxd5 42. Bxd5 Kd6 43. Bf7 Kc5 44. Bxg6 b4 45. axb4+ Kxb4 46. Bc2 1-0


[Site "https://www.chess.com"]

[Event "Titled Tuesday Blitz March 21 Late 2023"]
[White "Andreikin, Dmitry"]
[Black "Svane, Frederik"]
[WhiteFideId "4158814"]
[BlackFideId "12923044"]
[WhiteElo "2736"]
[BlackElo "2502"]
[Result "0-1"]
[Round "06"]
[TimeControl "180+2"]
[Date "2023.03.21"]
[WhiteClock "0:01:01"]
[BlackClock "0:00:54"]

1. d4 Nf6 2. c4 e6 3. Nc3 Bb4 4. Nf3 d5 5. a3 Bxc3+ 6. bxc3 c6 7. a4 O-O 8. Ba3 Re8 9. e3 b6 10. cxd5 cxd5 11. Bb5 Bd7 12. O-O Bxb5 13. axb5 Qc8 14. Qa4 Nbd7 15. Rfc1 a6 16. Bb4 axb5 17. Qxb5 Rxa1 18. Rxa1 Qb7 19. Qa6 Qc6 20. h3 h6 21. Qa4 Qb7 22. Ne5 Nxe5 23. dxe5 Nd7 24. Bd6 Rc8 25. Qa7 Qc6 26. Ra4 f6 27. f4 fxe5 28. fxe5 b5 29. Ra6 Qxc3 30. Qxd7 Qxe3+ 0-1


[Site "https://www.chess.com"]

[Event "Titled Tuesday Blitz March 21 Late 2023"]
[White "Rasulov, Vugar"]
[Black "Svane, Rasmus"]
[WhiteFideId "13402390"]
[BlackFideId "4657101"]
[WhiteElo "2509"]
[BlackElo "2597"]
[Result "0-1"]
[Round "06"]
[TimeControl "180+2"]
[Date "2023.03.21"]
[WhiteClock "0:00:05"]
[BlackClock "0:00:19"]

1. d4 Nf6 2. c4 e6 3. Nf3 d5 4. g3 Bb4+ 5. Bd2 Be7 6. Bg2 O-O 7. O-O Nbd7 8. Qc2 c6 9. Bf4 h6 10. Rd1 a5 11. Nbd2 Nh5 12. Be3 Nhf6 13. h3 b6 14. Bf4 Nh5 15. Be3 Ba6 16. Rac1 Rc8 17. b3 Ba3 18. Ra1 Qe7 19. Ne5 Bd6 20. Ndf3 Nhf6 21. a4 Rc7 22. Qb2 Rfc8 23. Rdc1 c5 24. Nxd7 Nxd7 25. cxd5 exd5 26. Nh4 Qe6 27. g4 Bf8 28. Nf5 h5 29. Bf4 hxg4 30. Bxc7 Qxf5 31. hxg4 Qxg4 32. Bg3 Bxe2 33. Bxd5 Bd6 34. Re1 Bxg3 35. Qxe2 Bxf2+ 36. Kxf2 Qxd4+ 37. Qe3 Qxd5 38. Rad1 Qf5+ 39. Qf3 Qc2+ 40. Kg1 Nf6 41. Rd6 c4 42. bxc4 Rxc4 43. Rd8+ Kh7 44. Re2 Qc1+ 45. Kf2 Rf4 46. Rdd2 Rxf3+ 47. Kxf3 Qa3+ 48. Kg2 Qxa4 49. Re3 Qg4+ 50. Kf1 g6 51. Rf2 Kg7 52. Ref3 Qd4 53. Kg2 a4 54. Rf4 Qd5+ 0-1


[Site "https://www.chess.com"]

[Event "Titled Tuesday Blitz March 21 Late 2023"]
[White "Wagner, Dennis"]
[Black "Van Foreest, Jorden"]
[WhiteFideId "24650684"]
[BlackFideId "1039784"]
[WhiteElo "2470"]
[BlackElo "2633"]
[Result "0-1"]
[Round "06"]
[TimeControl "180+2"]
[Date "2023.03.21"]
[WhiteClock "0:00:04"]
[BlackClock "0:00:56"]

1. d4 g6 2. c4 Bg7 3. e4 d6 4. Nc3 Nc6 5. d5 Nd4 6. Be3 c5 7. Nge2 Nxe2 8. Bxe2 Nf6 9. O-O O-O 10. h3 a6 11. a4 e5 12. Kh1 Kh8 13. Qd2 Qe7 14. a5 Bd7 15. Rab1 b5 16. b4 cxb4 17. Rxb4 bxc4 18. Rfb1 Rfc8 19. Rxc4 Nh5 20. Rb6 Nf4 21. Bf1 h5 22. Rxc8+ Bxc8 23. Ne2 g5 24. Ng3 Bf6 25. Nf5 Bxf5 26. exf5 g4 27. Rxa6 Rg8 28. Bxf4 exf4 29. Qxf4 Bg5 30. Qxd6 Qe1 31. Kg1 gxh3 32. Qh2 Bh4 33. g3 Bxg3 34. Rh6+ Kg7 35. Qxg3+ Kf8 36. Rh8 Rxh8 37. Qd6+ Kg7 38. f6+ Kh7 39. Qf4 Rg8+ 40. Kh2 Qxf1 41. Qf5+ Kh6 42. Qf4+ Rg5 43. Qxg5+ Kxg5 0-1


[Site "https://www.chess.com"]

[Event "Titled Tuesday Blitz March 21 Late 2023"]
[White "Klekowski, Maciej"]
[Black "Maghsoodloo, Parham"]
[WhiteFideId "1132717"]
[BlackFideId "12539929"]
[WhiteElo "2540"]
[BlackElo "2647"]
[Result "0-1"]
[Round "06"]
[TimeControl "180+2"]
[Date "2023.03.21"]
[WhiteClock "0:00:02"]
[BlackClock "0:01:17"]

1. c4 e5 2. Nc3 Nf6 3. g3 Nc6 4. Bg2 Bc5 5. e3 O-O 6. Nge2 d6 7. O-O a6 8. h3 Bf5 9. d4 Ba7 10. g4 Bd7 11. Nd5 exd4 12. exd4 Nxd5 13. cxd5 Ne7 14. Nf4 Ng6 15. Nxg6 hxg6 16. Be3 f5 17. Qd3 Bb5 18. Qd2 Bxf1 19. Rxf1 Qf6 20. g5 Qe7 21. Bf4 Rfe8 22. Bf3 Qd7 23. Rc1 Re7 24. b3 Qb5 25. Kg2 a5 26. Rc4 Bb6 27. Qc2 Rae8 28. a4 Qd7 29. h4 Re4 30. Qd2 Qf7 31. Bxe4 Rxe4 32. f3 Re7 33. Be3 Qxd5 34. Bf2 Qe6 35. Qd3 Qe2 36. Qxe2 Rxe2 37. b4 d5 0-1


[Site "https://www.chess.com"]

[Event "Titled Tuesday Blitz March 21 Late 2023"]
[White "Erigaisi Arjun"]
[Black "Zakhartsov, Vladimir"]
[WhiteFideId "35009192"]
[BlackFideId "4145097"]
[WhiteElo "2737"]
[BlackElo "2521"]
[Result "1/2-1/2"]
[Round "06"]
[TimeControl "180+2"]
[Date "2023.03.21"]
[WhiteClock "0:00:06"]
[BlackClock "0:00:04"]

1. c4 e5 2. d3 Nf6 3. Nf3 Nc6 4. a3 a5 5. Nc3 h6 6. g3 Bc5 7. Bg2 O-O 8. Nxe5 Nxe5 9. d4 Bb6 10. dxe5 Ng4 11. O-O Nxe5 12. Nd5 Bc5 13. Bf4 d6 14. b4 Ba7 15. c5 Re8 16. cxd6 Qxd6 17. bxa5 Bc5 18. Qe1 c6 19. Nb6 Bxb6 20. axb6 Rxa3 21. Rd1 Qc5 22. Qd2 Ng6 23. Be3 Raxe3 24. fxe3 Qxb6 25. Kh1 Ne5 26. Qd4 Qc7 27. Qf4 Qe7 28. Rb1 Ng4 29. e4 Ne5 30. h3 f6 31. Rb6 Nc4 32. Rb3 b5 33. g4 Ne5 34. Rg3 Be6 35. h4 Ng6 36. Qc1 Nxh4 37. Qxc6 b4 38. e5 fxe5 39. Bd5 Bxd5+ 40. Qxd5+ Qe6 41. Qxe6+ Rxe6 42. Rb3 Rb6 43. Rfb1 Kh7 44. Rxb4 Re6 45. Re4 Ng6 46. Rb7 Rf6 47. Kg2 Rf4 48. Rxf4 Nxf4+ 49. Kf3 Kg6 50. e3 Nh3 51. Ke4 Nf2+ 52. Kxe5 Nxg4+ 53. Kf4 h5 54. e4 Kf6 55. e5+ Ke6 56. Rb6+ Ke7 57. Rg6 Kf7 58. Ra6 Ke7 59. Kf5 Ne3+ 60. Ke4 Ng4 61. e6 Kf6 62. Kd5 Ne3+ 63. Kd6 Nf5+ 64. Kd7 Ne7 65. Ra1 Ng6 66. Rf1+ Ke5 67. Re1+ Kf5 68. Ke8 Nf4 69. e7 Nd5 70. Kf7 Nxe7 71. Kxg7 Nd5 72. Kh6 Nf4 73. Rh1 Kg4 74. Rg1+ Kf5 75. Rg5+ Ke4 76. Ra5 h4 77. Kg5 Nd3 78. Kxh4 Ne5 79. Kg5 Kd4 80. Kf5 Nc4 81. Ra4 Kd5 82. Rb4 Nd6+ 83. Kf4 Nc4 84. Kf3 Kd4 85. Ke2 Kc5 86. Rb1 Kd4 87. Rc1 Ne5 88. Rh1 Nc4 89. Rh3 Kd5 90. Kd3 Ne5+ 91. Kc3 Ke4 92. Rh2 Nf3 93. Re2+ Kf4 94. Kd3 Ne5+ 95. Kd4 Nf3+ 96. Kd5 Kf5 97. Re4 Ng5 98. Ra4 Ne6 99. Kd6 Nf4 100. Rb4 Ng6 101. Rb1 Nf4 102. Rb8 Ke4 103. Rf8 Nd3 104. Rh8 Kd4 105. Rh4+ Ke3 106. Kd5 Nf4+ 107. Kc4 Ke4 108. Rg4 Kf5 109. Rg1 Ke4 110. Re1+ Kf5 111. Kd4 Ne6+ 112. Ke3 Ke5 113. Ra1 Kd5 114. Rh1 Ke5 115. Rh5+ Kd6 116. Ke4 Nc5+ 117. Kd4 Ne6+ 118. Kc4 Nf4 119. Rf5 Ne6 120. Rb5 Ke7 121. Rb6 Ng5 122. Kd5 Kf7 123. Ke5 Kg7 124. Kf5 Nf7 125. Rb7 Kf8 126. Kf6 Nd8 127. Re7 Nc6 128. Rd7 1/2-1/2


[Site "https://www.chess.com"]

[Event "Titled Tuesday Blitz March 21 Late 2023"]
[White "Bortnyk, Olexandr"]
[Black "Ashraf, Artin"]
[WhiteFideId "14120828"]
[BlackFideId "22514805"]
[WhiteElo "2734"]
[BlackElo "2188"]
[Result "1-0"]
[Round "06"]
[TimeControl "180+2"]
[Date "2023.03.21"]
[WhiteClock "0:02:37"]
[BlackClock "0:01:31"]

1. d4 d5 2. Nc3 Bf5 3. Bf4 a6 4. e3 e6 5. Nf3 c5 6. Bd3 Bxd3 7. cxd3 Nc6 8. Qb3 Qd7 9. Na4 Na5 10. Qc2 c4 11. Nb6 Qb5 12. Nxa8 Bb4+ 13. Ke2 1-0


[Site "https://www.chess.com"]

[Event "Titled Tuesday Blitz March 21 Late 2023"]
[White "Van Foreest, Lucas"]
[Black "Fedoseev, Vladimir"]
[WhiteFideId "1039792"]
[BlackFideId "24130737"]
[WhiteElo "2519"]
[BlackElo "2752"]
[Result "0-1"]
[Round "06"]
[TimeControl "180+2"]
[Date "2023.03.21"]
[WhiteClock "0:01:05"]
[BlackClock "0:00:14"]

1. e4 c6 2. Qg4 d5 3. Qg3 dxe4 4. Nc3 Bf5 5. Qf4 g6 6. Nxe4 Bh6 7. Qh4 Qd5 8. Bd3 g5 9. Qg3 Bxe4 10. Qc7 Nd7 11. Bxe4 Qxe4+ 12. Ne2 Rb8 13. d3 Qxg2 14. Rg1 Qd5 15. Bd2 Ngf6 16. Bc3 g4 17. Bxf6 exf6 18. Rxg4 f5 19. Rg3 Qe5 20. Qxe5+ Nxe5 21. d4 Ng6 22. Rf3 O-O 23. Rxf5 Rfe8 24. Kf1 Re4 25. c3 Rbe8 26. Ng3 Rh4 27. Kg2 Bf4 28. Nh5 Re6 29. h3 Bd6 30. Rd1 Rxh5 0-1


[Site "https://www.chess.com"]

[Event "Titled Tuesday Blitz March 21 Late 2023"]
[White "Urazayev, Arystanbek"]
[Black "Paravyan, David"]
[WhiteFideId "13709810"]
[BlackFideId "4194985"]
[WhiteElo "2479"]
[BlackElo "2577"]
[Result "1/2-1/2"]
[Round "06"]
[TimeControl "180+2"]
[Date "2023.03.21"]
[WhiteClock "0:00:11"]
[BlackClock "0:00:16"]

1. e4 e5 2. Bc4 Nf6 3. d3 Bc5 4. Nf3 d6 5. Nc3 a6 6. Be3 Bxe3 7. fxe3 Nc6 8. a3 Be6 9. Nd2 Qd7 10. O-O Ne7 11. Bxe6 fxe6 12. a4 Ng6 13. Qe2 O-O 14. d4 exd4 15. exd4 e5 16. Nf3 exd4 17. Qc4+ Qf7 18. Qxd4 Rae8 19. Rae1 h6 20. e5 dxe5 21. Nxe5 Nxe5 22. Rxe5 Rxe5 23. Qxe5 Re8 24. Qd4 Qe6 25. h3 Qe3+ 26. Qxe3 Rxe3 27. Kf2 Re5 28. Rd1 Kf7 29. Rd8 Ne4+ 30. Nxe4 Rxe4 31. b3 Re6 32. Rb8 b6 33. Rc8 Rc6 34. c4 Ke7 35. Ke3 Kd7 36. Rg8 Re6+ 37. Kd4 Re7 38. c5 Kc6 39. cxb6 Kxb6 40. Kc4 h5 41. b4 Re4+ 42. Kc3 Re3+ 43. Kc4 Rg3 44. a5+ Kb7 45. Rh8 g6 46. b5 axb5+ 47. Kxb5 Rg5+ 48. Kb4 Rxg2 49. Rh6 Rg3 50. h4 Rg4+ 51. Kb5 c6+ 52. Kc5 Rxh4 53. Rxg6 Rg4 54. Rh6 Rg5+ 55. Kb4 Rb5+ 56. Ka4 Re5 57. a6+ Kb6 58. a7 Kxa7 59. Rxc6 Kb7 60. Rh6 Kc7 61. Kb4 Kd7 62. Kc4 Ke7 63. Kd4 Ra5 64. Ke4 Kf7 65. Kf3 Kg7 66. Rb6 Rf5+ 67. Kg2 Rf6 68. Rxf6 Kxf6 69. Kh3 h4 70. Kh2 h3 71. Kh1 h2 72. Kxh2 1/2-1/2


[Site "https://www.chess.com"]

[Event "Titled Tuesday Blitz March 21 Late 2023"]
[White "Firouzja, Alireza"]
[Black "Timofeev, Artyom"]
[WhiteFideId "12573981"]
[BlackFideId "4140419"]
[WhiteElo "2904"]
[BlackElo "2586"]
[Result "1-0"]
[Round "06"]
[TimeControl "180+2"]
[Date "2023.03.21"]
[WhiteClock "0:00:14"]
[BlackClock "0:00:02"]

1. e4 c5 2. Nf3 Nc6 3. Bb5 d6 4. O-O Bd7 5. Re1 a6 6. Bf1 Bg4 7. h3 Bxf3 8. Qxf3 g6 9. c3 Bg7 10. d3 e6 11. Be3 Nge7 12. Nd2 O-O 13. Qd1 b5 14. Nf3 b4 15. d4 bxc3 16. bxc3 cxd4 17. cxd4 d5 18. e5 Nf5 19. Bc1 Qa5 20. Bd2 Qb6 21. Bc3 Rac8 22. Rb1 Qa7 23. g4 Nfe7 24. Re3 Rc7 25. Qa4 a5 26. Bb5 Rfc8 27. Be1 Bh6 28. Reb3 Bf4 29. Kg2 Kg7 30. Bf1 h6 31. a3 g5 32. Rb6 Ng6 33. Ra6 Nh4+ 34. Nxh4 Qxd4 35. Qxd4 Nxd4 36. Nf3 Nxf3 37. Kxf3 Rc1 38. Rab6 a4 39. Bd3 Bxe5 40. Ke2 Bf4 41. R6b4 Rxb1 42. Bxb1 Rc1 43. Bd3 e5 44. f3 Ra1 45. Rxa4 Ra2+ 46. Kf1 Ra1 47. Rb4 Rxa3 48. Ke2 e4 49. fxe4 dxe4 50. Rxe4 Ra2+ 51. Kd1 Rh2 52. Bc3+ Kf8 53. Bb4+ Kg7 54. Re8 Rxh3 55. Bc3+ f6 56. Kc2 h5 57. Re7+ Kf8 58. Bxf6 hxg4 59. Bg6 Rh2+ 60. Kb1 Rh1+ 61. Ka2 Rh2+ 62. Kb3 Rh3+ 63. Kc4 1-0


[Site "https://www.chess.com"]

[Event "Titled Tuesday Blitz March 21 Late 2023"]
[White "Alekseenko, Kirill"]
[Black "Raja Rithvik R"]
[WhiteFideId "4135539"]
[BlackFideId "35007394"]
[WhiteElo "2683"]
[BlackElo "2402"]
[Result "1-0"]
[Round "06"]
[TimeControl "180+2"]
[Date "2023.03.21"]
[WhiteClock "0:00:21"]
[BlackClock "0:00:02"]

1. d4 Nf6 2. Nc3 d5 3. Bf4 c5 4. e3 a6 5. Nf3 Nc6 6. dxc5 e6 7. Na4 Bxc5 8. Nxc5 Qa5+ 9. c3 Qxc5 10. Bd3 O-O 11. O-O Qe7 12. Ne5 Rd8 13. h3 Nxe5 14. Bxe5 Nd7 15. Bh2 Nc5 16. Bc2 e5 17. Qh5 e4 18. Rad1 Be6 19. Rd2 Rd7 20. b4 Nd3 21. Bxd3 exd3 22. Rxd3 Rc8 23. Be5 f6 24. Bd4 Qf7 25. Qf3 Qg6 26. Rd2 Bf5 27. Kh2 Be4 28. Qg3 Kf7 29. f3 Qxg3+ 30. Kxg3 Bf5 31. Kf4 Be6 32. g4 Rc6 33. h4 Rc8 34. g5 fxg5+ 35. hxg5 Kg6 36. Rg1 Rf8+ 37. Kg3 Rf5 38. f4 Rf8 39. Be5 Bf5 40. c4 dxc4 41. Rxd7 Bxd7 42. Rd1 Bf5 43. Rd4 Bd3 44. Rd6+ Kf7 45. Rd7+ Ke6 46. Rxg7 Rc8 47. Bc3 Be4 48. Bf6 Kf5 49. Re7 Bd3 50. Bc3 Be4 51. Re5+ 1-0


[Site "https://www.chess.com"]

[Event "Titled Tuesday Blitz March 21 Late 2023"]
[White "Holt, Conrad"]
[Black "Makarian, Rudik"]
[WhiteFideId "2034387"]
[BlackFideId "44105681"]
[WhiteElo "2592"]
[BlackElo "2436"]
[Result "0-1"]
[Round "06"]
[TimeControl "180+2"]
[Date "2023.03.21"]
[WhiteClock "0:00:02"]
[BlackClock "0:00:10"]

1. d4 Nf6 2. c4 e6 3. Nc3 d5 4. cxd5 exd5 5. Bg5 c6 6. e3 h6 7. Bh4 Be7 8. Qc2 O-O 9. Bd3 Re8 10. Nf3 Nbd7 11. O-O Ne4 12. Bxe7 Qxe7 13. b4 Ndf6 14. b5 c5 15. dxc5 Nxc5 16. Nd4 Bd7 17. Bf5 Rac8 18. Rac1 g6 19. Bxd7 Qxd7 20. Rfd1 h5 21. h3 Qe7 22. Na4 Nfe4 23. Nxc5 Rxc5 24. Qb2 Rec8 25. Nb3 Rc4 26. Rxd5 Rxc1+ 27. Nxc1 Qf6 28. Rd4 Nxf2 29. Qd2 Qf5 30. Rf4 Ne4 31. Qe1 Qe6 32. Nb3 Qe5 33. Qf1 Ng3 0-1


[Site "https://www.chess.com"]

[Event "Titled Tuesday Blitz March 21 Late 2023"]
[White "Martinez Alcantara, Jose Eduardo"]
[Black "Tanenbaum, Zachary"]
[WhiteFideId "3805662"]
[BlackFideId "2060850"]
[WhiteElo "2712"]
[BlackElo "2175"]
[Result "1/2-1/2"]
[Round "06"]
[TimeControl "180+2"]
[Date "2023.03.21"]
[WhiteClock "0:00:07"]
[BlackClock "0:00:54"]

1. e4 e5 2. Nf3 Nc6 3. Nc3 Nf6 4. h3 d5 5. exd5 Nxd5 6. Bb5 Nxc3 7. bxc3 Bd6 8. O-O O-O 9. d4 exd4 10. cxd4 h6 11. Bb2 Qf6 12. Bd3 Bf5 13. c4 Rfe8 14. Rb1 b6 15. c5 bxc5 16. dxc5 Be5 17. Bxf5 Qxf5 18. Qa4 Re6 19. Bxe5 Nxe5 20. Nd4 Qf4 21. Rbd1 Rg6 22. Kh1 Rd8 23. Qb4 Nf3 24. g3 Qe4 25. Nc6 1/2-1/2


[Site "https://www.chess.com"]

[Event "Titled Tuesday Blitz March 21 Late 2023"]
[White "Steinberg, Nitzan"]
[Black "Adewumi, Tanitoluwa"]
[WhiteFideId "2801795"]
[BlackFideId "30966396"]
[WhiteElo "2486"]
[BlackElo "2763"]
[Result "1-0"]
[Round "06"]
[TimeControl "180+2"]
[Date "2023.03.21"]
[WhiteClock "0:00:22"]
[BlackClock "0:00:01"]

1. Nf3 Nf6 2. g3 d5 3. Bg2 Bf5 4. O-O e6 5. d3 h6 6. Nbd2 c6 7. Qe1 Bh7 8. e4 Na6 9. a3 Be7 10. e5 Nd7 11. Qe2 b5 12. Re1 Rc8 13. Nf1 c5 14. h4 d4 15. N1h2 Nb6 16. Ng4 c4 17. Bf4 Nc5 18. Rad1 cxd3 19. cxd3 Bf5 20. Ngh2 Nd5 21. h5 Nxf4 22. gxf4 g5 23. hxg6 fxg6 24. Nf1 h5 25. Ng3 Bg4 26. Ne4 h4 27. Kh2 h3 28. Bh1 O-O 29. Kg3 Bf5 30. Neg5 Kg7 31. Rg1 Rh8 32. Kh2 Qf8 33. Rg3 Bxd3 34. Rxd3 Nxd3 35. Qxd3 Qf5 36. Nxd4 Qxd3 37. Ndxe6+ 1-0


[Site "https://www.chess.com"]